 Dungeon Crawl Stone Soup version 0.18.1-50-g88ac8fd (webtiles) character file.

6325 magog001 the Nimble (level 10, -29/90 HPs)
             Began as a Minotaur Monk on Feb 8, 2018.
             Was a High Priest of Nemelex Xobeh.
             Engulfed by a cloud of thunder (80 damage)
             ... on level 10 of the Dungeon on Feb 9, 2018.
             The game lasted 01:08:23 (13548 turns).

magog001 the Nimble (Minotaur Monk)                Turns: 13548, Time: 01:08:24

Health: -29/90     AC:  3    Str: 16    XL:     10   Next: 64%
Magic:  10/10      EV: 20    Int:  7    God:    Nemelex Xobeh [*****.]
Gold:   278        SH:  0    Dex: 16    Spells: 0 memorised, 9 levels left

rFire  . . .     SeeInvis .     N - staff of poison
rCold  . . .     Gourm    .     n - +0 robe
rNeg   + . .     Faith    .     (no shield)
rPois  +         Spirit   .     (helmet restricted)
rElec  .         Dismiss  .     (no cloak)
rCorr  .         Reflect  .     g - +0 pair of gloves
SustAt .         Harm     .     (no boots)
MR     .....                    M - amulet of regeneration
Stlth  +++.......               o - ring of positive energy
                                m - ring of stealth

@: not resistant to hostile enchantments, fairly stealthy
A: retaliatory headbutt, horns 2
a: Triple Draw, Deal Four, Stack Five, Renounce Religion


You were on level 10 of the Dungeon.
You worshipped Nemelex Xobeh.
Nemelex Xobeh was extremely pleased with you.
You were not hungry.

You visited 1 branch of the dungeon, and saw 10 of its levels.
You also visited: Sewer.

You collected 505 gold pieces.
You spent 227 gold pieces at shops.

Inventory:

Hand Weapons
 s - a +0 hunting sling
Missiles
 d - 18 tomahawks (quivered)
 f - 32 poisoned needles
 i - 77 sling bullets
 p - 3 javelins
 I - 2 silver tomahawks
Armour
 g - a +0 pair of gloves (worn)
 n - a +0 robe (worn)
Magical Staves
 N - an uncursed staff of poison (weapon)
Jewellery
 m - a ring of stealth (left hand)
 o - a ring of positive energy (right hand)
 G - a +4 amulet of reflection
 H - an uncursed ring of wizardry
 M - an amulet of regeneration (around neck)
Wands
 r - a wand of iceblast (6/15)
 y - a wand of flame (3/48)
 L - a wand of iceblast (9/15)
Scrolls
 e - 2 scrolls of fog
 t - a scroll of identify
 w - 4 scrolls of teleportation
 z - a scroll of immolation
 A - a scroll of recharging
 F - 4 scrolls of remove curse
 K - a scroll of amnesia
 R - a scroll of silence
 S - a scroll of enchant weapon
Potions
 c - a potion of might {unknown}
 h - a potion of cancellation
 j - a potion of lignification {unknown}
 q - a potion of ambrosia
 C - a potion of flight
 D - 2 potions of brilliance {unknown}
 Q - a potion of magic {unknown}
Books
 O - a book of Summonings

   Spells                             Type                      Level
   a - Recall                         Summoning/Translocation      3
   b - Aura of Abjuration             Summoning                    5
   c - Summon Demon                   Summoning                    5
   d - Summon Forest                  Summoning/Translocation      5
   e - Summon Mana Viper              Hexes/Summoning              5
   f - Shadow Creatures               Summoning                    6
Miscellaneous
 k - a plain deck of escape {drawn: 1}
 u - a plain deck of war {drawn: 8}
 B - a plain deck of war {drawn: 1}
 E - a plain deck of destruction {drawn: 3}
 J - an ornate deck of war
Comestibles
 b - 9 bread rations
 l - 5 fruits
 v - 2 beef jerkies
 x - 3 meat rations


   Skills:
 * Level 8.7 Fighting
 + Level 1.0 Staves
 * Level 6.3 Throwing
 + Level 0.5 Armour
 * Level 11.3 Dodging
 + Level 3.4 Stealth
 * Level 9.3 Unarmed Combat
 + Level 2.2 Evocations


You had 9 spell levels left.
You didn't know any spells.

Dungeon Overview and Level Annotations

Branches:
Dungeon (10/15)            Temple (0/1) D:5            Lair (0/8) D:8
    Orc: D:9-12

Altars:
Ashenzari
Dithmenos
Elyvilon
Fedhas
Gozag
Nemelex Xobeh
Okawaru
Ru
Sif Muna
Vehumet
Xom
Yredelemnul
The Shining One

Shops:
D:7 =   D:9 [


Innate Abilities, Weirdness & Mutations

You reflexively headbutt those who attack you in melee.
You have a pair of horns on your head.


Message History

This wand has 3 charges left.
Your air elemental hits the very large slime creature!
Your air elemental completely misses the very large slime creature.
Your mottled dragon is struck by lightning.
You kill your mottled dragon!
Your mottled dragon's corpse disappears in a puff of smoke!
Drink which item? (? for menu, Esc to quit)
Okay, then.
Your air elemental hits the very large slime creature.
Your air elemental hits the very large slime creature!
Two slime creatures merge to form an enormous slime creature.
Your air elemental hits the enormous slime creature!
Really walk into that cloud of thunder?
Okay, then.
Really walk into that cloud of thunder?
You swap places.
You are standing in a thunderstorm.
You are struck by lightning!
Ouch! That really hurt!
You die...
Your body glows slightly and disappears.

.....# #..# #§#
####...
#########..#####.#
#...###
.............§#
###..## #
######..#####.#
#....# #.J§J§..E#
#.#..## #
###.######J# #
#.#.### #...# #.#
#...... #.### #h#
####### #.# #@#
#[# #.# #.# #..
#J# #### . #.# ..#
#.# ### ... #.#
#.. ..# #.# #.#
#.#


You could see an enormous slime creature, a friendly raiju and a friendly air
elemental.

Vanquished Creatures
  A two-headed ogre (D:9)
  A wyvern (D:9)
  A fire bat (D:6)
  3 hippogriffs
  A steam dragon (D:5)
  A porcupine (D:8)
  A sky beast (D:9)
  A wasp (D:8)
  A black bear (D:7)
  4 orc warriors
  2 ice beasts
  3 phantoms
  3 ogres
  A crocodile (D:8)
  2 centaurs
  2 big kobolds (Sewer)
  7 giant frogs
  2 scorpions (D:4)
  A water moccasin skeleton (D:7)
  12 killer bees
  An electric eel (D:9)
  8 crimson imps
  A centaur zombie (D:5)
  4 jellies
  8 orc priests
  A centaur skeleton (D:6)
  2 giant frog skeletons
  6 hounds
  3 iguanas
  9 orc wizards
  2 worker ants
  A sheep (D:6)
  7 gnolls
  11 adders
  A howler monkey skeleton (D:6)
  A river rat (Sewer)
  2 shadow imps
  2 oozes
  An adder skeleton (D:6)
  8 worms
  3 dart slugs
  7 giant geckos
  41 orcs
  6 ball pythons
  A giant cockroach (D:5)
  6 goblins
  5 hobgoblins
  9 jackals
  10 quokkas
  9 bats
  A giant gecko skeleton (D:5)
  A giant gecko zombie (D:5)
  7 giant newts
  11 kobolds
  A quokka zombie (D:5)
  10 rats
257 creatures vanquished.

Vanquished Creatures (collateral kills)
  A two-headed ogre (D:10)
  The ghost of magog001 the Slinger, an amateur HaHu (D:5)
  A hippogriff (D:8)
  A black bear (D:8)
  An ice beast (D:8)
  A phantom (D:5)
  2 ogres
  A jelly (D:4)
  An orc priest (D:8)
  An iguana (D:4)
  An orc wizard (D:6)
  An adder (D:4)
  An ooze (D:5)
  4 orcs
18 creatures vanquished.

Vanquished Creatures (others)
  A bush (D:9)
  21 fungi (D:8)
  A plant (D:8)
23 creatures vanquished.

Grand Total: 298 creatures vanquished

Notes
Turn   | Place    | Note
--------------------------------------------------------------
     0 | D:1      | magog001 the Minotaur Monk began the quest for the Orb.
     0 | D:1      | Reached XP level 1. HP: 19/19 MP: 0/0
   644 | D:1      | Reached XP level 2. HP: 22/27 MP: 1/1
  1035 | D:2      | Found a sparkling altar of Nemelex Xobeh.
  1035 | D:2      | Found an opulent altar of Gozag.
  1053 | D:2      | Became a worshipper of Nemelex Xobeh the Trickster
  1053 | D:2      | Received a gift from Nemelex Xobeh
  1053 | D:2      | Reached * piety under Nemelex Xobeh
  1053 | D:2      | Received a gift from Nemelex Xobeh
  1053 | D:2      | Reached ** piety under Nemelex Xobeh
  1341 | D:2      | Reached XP level 3. HP: 25/33 MP: 2/2
  1442 | D:2      | Reached skill level 5 in Unarmed Combat
  1803 | D:3      | Reached skill level 4 in Dodging
  1803 | D:3      | Reached XP level 4. HP: 19/40 MP: 3/3
  2160 | D:3      | Found a basalt altar of Yredelemnul.
  2224 | D:3      | Found a white marble altar of Elyvilon.
  2363 | D:3      | Reached skill level 1 in Throwing
  2541 | D:4      | Noticed a phantom
  2569 | D:4      | Killed a phantom
  2569 | D:4      | Reached XP level 5. HP: 23/46 MP: 4/4
  2770 | D:4      | Received a gift from Nemelex Xobeh
  2850 | D:4      | Reached skill level 5 in Dodging
  3061 | D:4      | Found an iron altar of Okawaru.
  3145 | D:4      | Noticed a centaur
  3154 | D:4      | Reached XP level 6. HP: 47/53 MP: 5/5
  3822 | D:4      | Reached skill level 5 in Fighting
  4071 | D:4      | Reached XP level 7. HP: 47/61 MP: 6/6
  4133 | D:4      | Reached skill level 6 in Dodging
  4195 | D:4      | Noticed a cyan ugly thing
  4693 | D:5      | Entered Level 5 of the Dungeon
  4721 | D:5      | Found a staircase to the Ecumenical Temple.
  4800 | D:5      | Noticed magog001's ghost (amateur HaHu)
  4838 | D:5      | Killed magog001's ghost
  4933 | D:5      | Reached *** piety under Nemelex Xobeh
  4990 | D:5      | Received a gift from Nemelex Xobeh
  5020 | D:5      | Found a shattered altar of Ashenzari.
  5101 | D:5      | Found a sacrificial altar of Ru.
  5251 | D:5      | Reached XP level 8. HP: 46/70 MP: 7/7
  5301 | D:5      | Reached skill level 7 in Dodging
  5422 | D:5      | Found a radiant altar of Vehumet.
  5580 | D:5      | Received a gift from Nemelex Xobeh
  6433 | D:6      | Found a glowing drain.
  6441 | Sewer    | Entered a sewer
  6533 | Sewer    | Reached skill level 8 in Dodging
  6772 | D:6      | Received a gift from Nemelex Xobeh
  7173 | D:6      | Reached **** piety under Nemelex Xobeh
  7219 | D:6      | Reached XP level 9. HP: 70/79 MP: 8/8
  7300 | D:6      | Reached skill level 1 in Evocations
  7612 | D:7      | Found Voddeutu's Jewellery Emporium.
  7918 | D:7      | Bought an uncursed ring of stealth for 227 gold pieces
  7953 | D:7      | Reached skill level 9 in Dodging
  8708 | D:7      | HP: 2/79 [orc/hand axe (6)]
  8712 | D:7      | You fall through a shaft for 3 floors!
  8712 | D:10     | Entered Level 10 of the Dungeon
  8731 | D:10     | Reached skill level 5 in Throwing
  9405 | D:9      | Received a gift from Nemelex Xobeh
  9467 | D:7      | Reached skill level 10 in Dodging
  9508 | D:7      | Found a deep blue altar of Sif Muna.
  9728 | D:7      | Reached XP level 10. HP: 86/88 MP: 10/10
 10549 | D:8      | Found a staircase to the Lair.
 11771 | D:8      | Received a gift from Nemelex Xobeh
 12533 | D:9      | Reached ***** piety under Nemelex Xobeh
 12536 | D:9      | Found Neram's Antique Armour Shop.
 12557 | D:9      | Reached skill level 11 in Dodging
 12645 | D:9      | Found a shimmering altar of Xom.
 12645 | D:9      | Found a shadowy altar of Dithmenos.
 12657 | D:9      | Found a glowing golden altar of the Shining One.
 12920 | D:9      | Found a blossoming altar of Fedhas.
 13344 | D:10     | Reached skill level 1 in Staves
 13548 | D:10     | Engulfed by a cloud of thunder

Skill      XL: |  1  2  3  4  5  6  7  8  9 10 |
---------------+-------------------------------+-----
Unarmed Combat | 5 6 7 8 9 |  9.3
Dodging        | 4 5 6 8 10 11 | 11.3
Fighting       | 4 5 6 7 8 |  8.7
Throwing       | 1 2 3 4 5 6 |  6.3
Stealth        | 2 3 |  3.4
Evocations     | 2 |  2.2
Staves         | 1 |  1.0
Armour         | |  0.5

Action                   |  1- 3 |  4- 6 |  7- 9 | 10-12 || total
-------------------------+-------+-------+-------+-------++-------
Melee: Unarmed           |    91 |   134 |   414 |    25 ||   664
       Headbutt          |    19 |    19 |    78 |    59 ||   175
       Punch             |     1 |     2 |    15 |    13 ||    31
       Staff             |       |       |       |   212 ||   212
Throw: Tomahawk          |    11 |     9 |    15 |    47 ||    82
Evoke: Deck              |       |     2 |    24 |    11 ||    37
       Wand              |       |       |     4 |     1 ||     5
  Use: Scroll            |     3 |       |     8 |     9 ||    20
       Potion            |       |     1 |    12 |     3 ||    16
 Stab: Sleeping          |       |       |     3 |     3 ||     6
  Eat: Chunk             |     3 |     5 |     8 |     4 ||    20
       Beef jerky        |       |     1 |       |       ||     1
       Meat ration       |       |     1 |     2 |     1 ||     4
Armor: Robe              |    27 |    13 |    31 |    23 ||    94
       Plate armour      |       |       |     6 |       ||     6
Dodge: Dodged            |    44 |    70 |   330 |   246 ||   690
Block: Other             |       |       |    30 |    42 ||    72
       Reflection        |       |       |     3 |     1 ||     4
